Map: Ice and Chrome LE

Players

Vanya

  • Race: Zerg Zerg
  • League: Master
  • Spawn Location: 1:00

LiquidMaNa (MaNa) - Winner!

  • Race: Protoss Protoss
  • League: Grandmaster
  • Spawn Location: 7:00

Event: DreamHack SC2 Masters 2020 Summer Europe

VOD

Have the link to the VOD?

Description

Time

  • Played on: July 10, 2020, 9:50 a.m.
  • Length: 6:18

All games in this series

Show
View Real Time Build Order
Export as new Build Order

Vanya Zerg 

Build Orders: Pool First 

Get SALT Encoding   

  12  0:17  Spawning Pool  
  11  0:22  Drone  
  11  0:26  Drone  
  13  0:31  Drone  
  14  0:39  Overlord  
  14  1:04  Zergling x4  
  14  1:06  Zergling x2  
  17  1:12  Queen  
  17  1:16  Zergling x2  
  20  1:34  Hatchery  
  20  1:36  Zergling x2  
  20  1:41  Zergling x2  
  21  1:50  Overlord  
  21  2:08  Drone  
  22  2:14  Drone  
  23  2:16  Queen  
  24  2:24  Drone x2  
  24  2:29  Drone x2  
  26  2:43  Drone  
  27  2:48  Queen  
  27  2:49  Zergling x4  
  31  2:53  Extractor  
  30  3:00  Drone x2  
  30  3:05  Overlord  
  32  3:06  Drone x2  
  32  3:08  Drone  
  36  3:12  Drone  
  36  3:19  Overlord  
  36  3:25  Drone  
  37  3:32  Drone  
  37  3:33  Drone  
  37  3:34  Overlord  
  38  3:42  Drone x2  
  38  3:46  Extractor  
  39  3:55  Drone x3  
  43  4:01  Metabolic Boost  
  42  4:04  Drone x3  
  42  4:05  Drone  
  42  4:08  Hatchery  
  45  4:13  Drone  
  45  4:14  Evolution Chamber  
  45  4:18  Drone x4  
  49  4:29  Overlord  
  49  4:31  Drone x2, Extractor  
  50  4:32  Drone  
  50  4:35  Spore Crawler  
  50  4:40  Queen  
  52  4:48  Spore Crawler  
  52  4:49  Drone  
  52  4:50  Drone x3  
  52  4:51  Drone  
  56  4:57  Zergling x6  
  59  5:05  Overlord, Zergling x2  
  59  5:06  Zergling x2  
  62  5:13  Baneling Nest  
  61  5:16  Zergling x2, Queen  
  61  5:17  Zergling x2  
  65  5:26  Zergling x10  
  67  5:32  Zergling x6, Spine Crawler  
  67  5:34  Spine Crawler  
  68  5:37  Zergling x2  
  68  5:38  Zergling x4  
  71  5:45  Zergling x6  
  69  5:55  Zergling x10  
  62  5:57  Zergling x2  
  62  6:01  Baneling x6  
Show
View Real Time Build Order
Export as new Build Order

LiquidMaNa Protoss - Winner!

Build Orders:  

Get SALT Encoding   

  12  0:00  Probe  
  13  0:12  Probe  
  14  0:20  Pylon  
  14  0:24  Probe  
  15  0:34  Probe  
  15  0:42  Gateway, Probe  
  17  0:51  Assimilator  
  17  0:52  Probe  
  18  1:04  Probe  
  18  1:08  Pylon  
  19  1:16  Probe  
  20  1:21  Gateway  
  20  1:24  Zealot  
  20  1:29  Cybernetics Core  
  22  1:34  Pylon  
  22  1:37  Probe  
  23  1:52  Probe  
  24  1:57  Adept  
  24  2:07  Adept  
  28  2:10  Probe  
  29  2:22  Probe  
  30  2:38  Adept  
  30  2:39  Nexus  
  30  2:45  Cybernetics Core  
  30  2:48  Probe  
  31  2:55  Assimilator  
  31  3:21  Pylon  
  31  3:24  Warp Gate  
  31  3:33  Twilight Council  
  31  3:35  Robotics Facility  
  31  3:43  Pylon  
  31  3:50  Resonating Glaives  
  31  3:51  Probe x2  
  33  4:03  Probe x2  
  35  4:11  Gateway, Warp Prism  
  35  4:12  Gateway  
  35  4:15  Probe x2  
  39  4:27  Probe x2  
  41  4:34  Dark Shrine  
  41  4:36  Pylon  
  41  4:39  Probe x2  
  43  4:51  Probe x2  
  43  4:52  Assimilator  
  45  5:03  Probe x2  
  47  5:12  Adept x4  
  55  5:15  Probe, Pylon  
  55  5:16  Probe  
  57  5:28  Probe x2  
  59  5:31  Pylon  
  59  5:33  Adept x4  
  67  5:36  Assimilator  
  67  5:39  Observer  
  67  5:40  Probe x2  
  66  6:01  Dark Templar x2  
  66  6:02  Probe  
  69  6:10  Dark Templar  
Tags
 
Add a new tag
Caveats
  • Supply blocks, unpowered buildings, or Contaminate may cause inaccurate times.
  • Supply counts are checked every 10 seconds.